 Dungeon Crawl Stone Soup version 0.29-a0-334-gb41bcbb86e (webtiles) character file.

Game seed: 6346172588623301770

3718 spaghetti the Geomancer (level 9, -6/74 HPs)
             Began as a Demonspawn Earth Elementalist on Apr 14, 2022.
             Was a Plaything of Xom.
             Mangled by a blink frog (11 damage)
             ... on level 1 of the Lair of Beasts.
             The game lasted 00:17:15 (8432 turns).

spaghetti the Geomancer (DsEE)                      Turns: 8432, Time: 00:17:16

Health: -6/74      AC: 15    Str:  9    XL:     9   Next: 92%
Magic:  7/14       EV:  9    Int: 29    God:    Xom [*.....]
Gold:   505        SH:  3    Dex: 14    Spells: 4/14 levels left

rFire   . . .      SeeInvis .   a - +1 whip (elec) {mace}
rCold   . . .      Faith    .   S - +0 buckler
rNeg    . . .      Spirit   .   g - +4 ring mail of the Lemon {Int+3}
rPois   +          Reflect  .   (helmet restricted)
rElec   +          Harm     .   (no cloak)
rCorr   .          Rampage  .   M - +0 pair of gloves
Will    .....                   V - +0 pair of boots
Stlth   +.........              w - amulet of magic regeneration {@e2}
HPRegen 0.22/turn               y - ring "Qoloheum" {rElec rPois AC+4}
MPRegen 0.54/turn               U - +6 ring of intelligence

@: about to teleport, hasted, very quick
A: hooves 1, horns 1, powered by death 1, demonic touch 2
a: Renounce Religion


You were on level 1 of the Lair of Beasts.
You worshipped Xom.
You were a special plaything of Xom.
You visited 2 branches of the dungeon, and saw 9 of its levels.

You collected 505 gold pieces.


Innate Abilities, Weirdness & Mutations

You have large cloven feet.
You have a pair of small horns on your head.
You regenerate a little health from kills.
Your touch may inflict irresistible damage on your foes.


   Skills:
 + Level 8.0 Fighting
 - Level 1.7 Dodging
 - Level 1.7 Stealth
 - Level 3.3 Spellcasting
 - Level 7.0 Conjurations
 - Level 0.8 Transmutations
 - Level 8.6 Earth Magic


You had 4 spell levels left.
You knew the following spells:

 Your Spells              Type           Power      Damage    Failure   Level
a - Sandblast             Erth           100%       2d20      1%          1
b - Passwall              Tmut/Erth      26%        N/A       6%          2
c - Stone Arrow           Conj/Erth      100%       3d13      3%          3
d - Petrify               Tmut/Erth      32%        N/A       38%         4

Your spell library contained the following spells:

 Spells                   Type           Power      Damage    Failure   Level
 Magic Dart               Conj           100%       1d8       1%          1
 Searing Ray              Conj           90%        2d7       2%          2
 Static Discharge         Conj/Air       25%        N/A       11%         2
 Conjure Flame            Conj/Fire      25%        6-21      21%         3
 Sting                    Tmut/Pois      28%        1d4       24%         1
 Poisonous Vapours        Pois/Air       8%         N/A       41%         2
 Fulminant Prism          Conj/Hex       12%        3d9       56%         4
 Sticky Flame             Conj/Fire      25%        2d5       56%         4
 Ignite Poison            Fire/Tmut/Pois 6%         N/A       61%         3
 Confusing Touch          Hex            4%         N/A       65%         3
 Gell's Gravitas          Tloc           4%         N/A       65%         3
 Lesser Beckoning         Tloc           4%         N/A       65%         3
 Teleport Other           Tloc           4%         N/A       65%         3
 Olgreb's Toxic Radiance  Pois           4%         N/A       96%         4
 Irradiate                Conj/Tmut      13%        3d17      85%         5
 Lightning Bolt           Conj/Air       12%        1d26      88%         5
 Blade Hands              Tmut           4%         N/A       99%         5
 Yara's Violent Unravell  Hex/Tmut       3%         3d4       100%        5
 Dragon Form              Tmut           4%         N/A       100%        7
 Enfeeble                 Hex            2%         N/A       100%        7
 Maxwell's Capacitive Co  Air            2%         โˆž       100%        8

Inventory:

Hand Weapons
 a - a +1 whip of electrocution (weapon) {mace}
   (You took it off a gnoll shaman on level 7 of the Dungeon)
 G - a +1 rapier of speed {short}
   (You took it off Eustachio on level 4 of the Dungeon)
Missiles
 m - 68 stones (quivered) {throwing}
 K - 6 javelins {throwing}
 L - a boomerang {throwing}
 O - 9 poisoned darts {throwing}
 W - a throwing net {=f!fthrowing}
Armour
 b - a +0 robe
 g - the +4 ring mail of the Lemon (worn) {Int+3}
   (You found it on level 7 of the Dungeon)

   Int:       It affects your intelligence (+3).
 k - a +0 helmet
   (You found it on level 1 of the Dungeon)
 M - a +0 pair of gloves (worn)
   (You found it on level 5 of the Dungeon)
 S - a +0 buckler (worn)
   (You took it off a gnoll sergeant on level 6 of the Dungeon)
 V - a +0 pair of boots (worn)
   (You found it on level 8 of the Dungeon)
Magical Staves
 H - a staff of air {!astaff}
   (You found it on level 4 of the Dungeon)
 Q - a staff of death {!astaff}
   (You took it off a gnoll on level 6 of the Dungeon)
Jewellery
 w - an amulet of magic regeneration (around neck) {@e2}
   (You found it on level 2 of the Dungeon)
 y - the ring "Qoloheum" (left hand) {rElec rPois AC+4}
   (You found it on level 3 of the Dungeon)

   [ring of protection]

   AC:        It affects your AC (+4).
   rElec:     It insulates you from electricity.
   rPois:     It protects you from poison.
 A - a ring of flight
   (You found it on level 3 of the Dungeon)
 F - an amulet of faith {!P}
   (You found it on level 4 of the Dungeon)
 T - a +6 ring of intelligence
   (You found it on level 7 of the Dungeon)
 U - a +6 ring of intelligence (right hand)
   (You found it on level 7 of the Dungeon)
Wands
 E - a wand of flame (37)
   (You took it off Ijyb on level 3 of the Dungeon)
 I - a wand of iceblast (8)
   (You found it on level 4 of the Dungeon)
 J - a wand of digging (5)
   (You took it off Natasha on level 4 of the Dungeon)
Scrolls
 c - 3 scrolls of noise {!r}
 d - 2 scrolls of enchant weapon
 l - 5 scrolls of fog
 n - 4 scrolls of teleportation {@r4}
 r - a scroll of silence {!r}
 s - 3 scrolls of holy word {!r}
 B - 4 scrolls of magic mapping {!r}
 D - a scroll of torment {!r}
 P - 2 scrolls of enchant armour
 R - 2 scrolls of immolation {!r!r}
Potions
 e - 2 potions of degeneration {!q@e2}
 f - a potion of mutation {unknown}
 h - 2 potions of lignification {unknown}
 i - a potion of heal wounds {unknown}
 o - 2 potions of ambrosia {unknown}
 p - 2 potions of attraction {unknown}
 t - 3 potions of cancellation {unknown}
 u - a potion of haste {@q3}
 v - 2 potions of brilliance {unknown}
 x - a potion of invisibility {unknown}
 z - a potion of flight {unknown}
 C - a potion of resistance {unknown}
 N - a potion of might {unknown}

Dungeon Overview and Level Annotations

Branches:
Dungeon (8/15)             Temple (0/1) D:4            Lair (1/6) D:8

Altars:
Ru
Xom

Shops:
D:1

[ ..........
#............
##...........
##....F......##
#.............##
#............#.##
#.............#.####
#.@FF.........#..##
##.F.Y....((..#....
##ยงYY........โ€
....
###..............
..P######......
##### ##....P #.....
##.... #...


You could see 3 yaks, 3 blink frogs and a bullfrog.


Message History

Aiming: Sandblast (safe; 1% risk of failure)
Press: ? - help, Shift-Dir - straight line, f/p - yak
Aim: a yak (severely wounded, 90% to hit)
The blast of sand hits the yak.
m - 70 stones {throwing} The yak barely misses you.
The yak gores you.
* * * LOW HITPOINT WARNING * * *
The yak gores you!
* * * LOW HITPOINT WARNING * * *
๐Ÿ˜ฑ HP[-16] MP[-1]
You take 16 damage, and now have 15/74 hp.
MASSIVE DAMAGE!! (PAUSE)
You lost 1 mp, and now have 0/14 mp.
Okay, then.
Okay, then.
Really read
q - a scroll of blinking {!r}?
Blink to where?
Press: ? - help, Dir - move target, p - yak A bullfrog and 2 blink frogs come into view.
As you read the scroll of blinking {!r}, it crumbles to dust.
The blink frog gives a loud, deep croak!
A blink frog comes into view.
The blink frog moves out of view. ๐Ÿ˜ฑ HP[+1] MP[+1] Throw: 70 stones {throwing}
Press: ? - help, Q - select action, (/) - cycle Shift-Dir - straight line, f - yak
Aim: a yak (severely wounded, 73% to hit)
Okay, then.
Casting: Sandblast (safe; 1% risk of failure)
Confirm with . or Enter, or press ? or * to list all spells.
You can't see any susceptible monsters within range! (Use Z to cast anyway.) Throw: 70 stones {throwing}
Press: ? - help, Q - select action, (/) - cycle Shift-Dir - straight line, f - yak
Aim: a yak (severely wounded, 73% to hit)
You throw a stone {throwing}. The bullfrog gives a loud, deep croak!
The blink frog gives a loud, deep croak!
The stone {throwing} hits the yak but does no damage.
The blink frog blinks! ๐Ÿ˜ฑ MP[+1]
Casting: Sandblast (safe; 1% risk of failure)
Confirm with . or Enter, or press ? or * to list all spells.
You can't see any susceptible monsters within range! (Use Z to cast anyway.)
Casting: Sandblast (safe; 1% risk of failure)
Confirm with . or Enter, or press ? or * to list all spells.
You aren't next to any passable walls.
Casting: Passwall (safe; 6% risk of failure)
Confirm with . or Enter, or press ? or * to list all spells.
You can't see any susceptible monsters within range! (Use Z to cast anyway.) Throw: 69 stones {throwing}
Press: ? - help, Q - select action, (/) - cycle Shift-Dir - straight line, f/p - yak
Aim: a yak (severely wounded, 73% to hit)
You throw a stone {throwing}. The stone {throwing} hits the yak.
The blink frog blinks!
Casting: Passwall (safe; 6% risk of failure)
Confirm with . or Enter, or press ? or * to list all spells.
Aiming: Sandblast (safe; 1% risk of failure)
Press: ? - help, Shift-Dir - straight line, f/p - yak
Aim: a yak (severely wounded, 90% to hit)
Okay, then.
Unknown command.
The staircase back to the Dungeon moves away as you attempt to climb it!
The yak gores you!
* * * LOW HITPOINT WARNING * * *
๐Ÿ˜ฑ HP[-10] MP[+1]
You take 10 damage, and now have 6/74 hp.
Unknown command.
Unknown command.
Unknown command.
Unknown command.
The staircase back to the Dungeon slides away as you move beside it!
The blink frog blinks! ๐Ÿ˜ฑ MP[+1]
You can't go up here!
Okay, then.
You feel yourself speed up.
The blink frog blinks!
The yak closely misses you. x2
The bullfrog hits you but does no damage.
The blink frog blinks! x2
There is a staircase back to the Dungeon here. ๐Ÿ˜ฑ MP[+1]
The bullfrog barely misses you.
The staircase back to the Dungeon moves away as you attempt to climb it!
The bullfrog hits you but does no damage.
The blink frog hits you but does no damage.
The yak gores you but does no damage. ๐Ÿ˜ฑ MP[+1] Unknown command.
Okay, then.
The blink frog closely misses you.
The blink frog blinks! ๐Ÿ˜ฑ HP[+1]
The bullfrog attacks as you move away! The bullfrog hits you.
* * * LOW HITPOINT WARNING * * *
The blink frog closely misses you. ๐Ÿ˜ฑ HP[-2]
You take 2 damage, and now have 5/74 hp.
As you read the scroll of teleportation {@r4}, it crumbles to dust.
You feel strangely unstable. The bullfrog misses you. The blink frog hits you!
You die...
Xom chortles!

Skill      XL: |  1  2  3  4  5  6  7  8  9 |
---------------+----------------------------+-----
Spellcasting   | 3 |  3.3
Conjurations   | 1 2 3 4 5 7 |  7.0
Earth Magic    | 3 4 5 6 8 |  8.6
Fighting       | 8 |  8.0
Dodging        | |  1.7
Stealth        | |  1.7
Transmutations | |  0.8

Action                   |  1- 3 |  4- 6 |  7- 9 || total
-------------------------+-------+-------+-------++-------
Melee: Unarmed           |    30 |       |       ||    30
       Spear             |    20 |    12 |       ||    32
       Touch             |    10 |       |     4 ||    14
       Punch             |     1 |       |       ||     1
       Rapier            |       |     3 |    21 ||    24
       Kick              |       |       |    17 ||    17
       Whip              |       |       |    18 ||    18
       Headbutt          |       |       |     1 ||     1
Throw: Stone             |    15 |    46 |    31 ||    92
 Cast: Sandblast         |    38 |    27 |    32 ||    97
       Stone Arrow       |    14 |    72 |    96 ||   182
  Use: Potion            |     1 |       |     1 ||     2
       Scroll            |       |       |    14 ||    14
Armor: Robe              |    18 |    16 |    23 ||    57
       Ring mail         |       |       |    16 ||    16
Dodge: Dodged            |    47 |    38 |    51 ||   136
Block: Buckler           |       |       |     9 ||     9

Levels and vault maps discovered:
D:1:      dpeg_arrival_ratfight, layout_loops_cross, serial_shops,
          nicolae_diamond_shop, ebering_ecumenical_altar_mist,
          serial_bayou_crossing
D:2:      layout_loops_ring
D:3:      layout_loops_ring, uniq_ijyb, uniq_robin
D:4:      layout_cave_pools, nicolae_ru_the_path_less_chosen,
          minmay_temple_entry_antechambers, kennysheep_small_circle,
          uniq_eustachio, uniq_natasha
D:5:      layout_cave_pods
D:6:      layout_loops_ring
D:7:      layout_rooms
D:8:      layout_loops_ring, mainiacjoe_overflow_alcove_3,
          grunt_lair_entry_orc_guard_hut
Lair:1:   layout_cave_shapes

Notes
Turn   | Place    | Note
-------+----------+-------------------------------------------
     0 | D:1      | spaghetti the Demonspawn Earth Elementalist began the quest
                  | for the Orb.
     0 | D:1      | Reached XP level 1. HP: 13/13 MP: 3/3
     0 | D:1      | magus.rc [v1.9.6]
   352 | D:1      | Found Raleryle's Antique Armour Shop.
   372 | D:1      | You feel monstrous as your demonic heritage exerts itself.
   372 | D:1      | Discovered your monstrous ancestry.
   372 | D:1      | Gained mutation: Your touch may inflict minor irresistible
                  | damage on your foes. [demonic ancestry]
   372 | D:1      | Reached XP level 2. HP: 17/19 MP: 1/5
   386 | D:1      | HP: 3/19 [giant cockroach (2)]
   398 | D:1      | Reached skill level 3 in Spellcasting
   814 | D:1      | Learned a level 2 spell: Passwall
  1032 | D:1      | Reached XP level 3. HP: 24/24 MP: 7/7
  1036 | D:1      | Learned a level 3 spell: Stone Arrow
  1365 | D:1      | Found a faded altar of an unknown god.
  1373 | D:1      | Prayed at the altar of an unknown god.
  1373 | D:1      | Became a worshipper of Xom of Chaos
  1414 | D:1      | XOM: silly message
  1509 | D:2      | XOM: stealth player
  1536 | D:2      | You pick up a book of Displacement and begin reading...
  1536 | D:2      | You add the spells Lesser Beckoning, Gell's Gravitas and
                  | Teleport Other to your library.
  1793 | D:2      | Reached skill level 1 in Conjurations
  2185 | D:2      | Reached skill level 3 in Earth Magic
  2185 | D:2      | Gained mutation: You regenerate a little health from kills.
                  | [demonic ancestry]
  2185 | D:2      | Reached XP level 4. HP: 30/30 MP: 5/9
  2238 | D:2      | XOM: cloud trail
  2556 | D:2      | XOM: 7-stop teleportation journey
  2637 | D:2      | Reached skill level 2 in Conjurations
  2926 | D:3      | Identified the ring "Qoloheum" {rElec rPois AC+4}
  2968 | D:3      | Noticed Robin
  2979 | D:3      | Killed Robin
  3077 | D:3      | Reached XP level 5. HP: 35/35 MP: 6/10
  3108 | D:3      | You pick up a book of Misfortune and begin reading...
  3108 | D:3      | You add the spells Confusing Touch, Yara's Violent
                  | Unravelling and Enfeeble to your library.
  3135 | D:3      | Reached skill level 3 in Conjurations
  3361 | D:3      | Noticed Ijyb
  3382 | D:3      | HP: 8/35 [Ijyb/+0 dagger (4)]
  3383 | D:3      | Killed Ijyb
  3569 | D:3      | XOM: scenery: summon butterflies
  3680 | D:3      | XOM is BORED!
  4059 | D:4      | Noticed Eustachio
  4075 | D:4      | Killed Eustachio
  4076 | D:4      | Reached skill level 4 in Earth Magic
  4076 | D:4      | Gained mutation: You have large cloven feet. [demonic
                  | ancestry]
  4076 | D:4      | Reached XP level 6. HP: 41/41 MP: 1/11
  4142 | D:4      | Found a staircase to the Ecumenical Temple.
  4147 | D:4      | You pick up a book of Lightning and begin reading...
  4147 | D:4      | You add the spells Static Discharge, Lightning Bolt and
                  | Maxwell's Capacitive Coupling to your library.
  4155 | D:4      | XOM: polymorph hound -> adder
  4159 | D:4      | Reached skill level 4 in Conjurations
  4330 | D:4      | XOM: silly message
  4458 | D:4      | Found a sacrificial altar of Ru.
  4475 | D:4      | Noticed Natasha
  4477 | D:4      | Killed Natasha
  4503 | D:4      | Noticed Natasha
  4514 | D:4      | Killed Natasha
  4735 | D:5      | Entered Level 5 of the Dungeon
  4738 | D:5      | Reached skill level 5 in Earth Magic
  4752 | D:5      | You pick up a book of Conjurations {@e2} and begin
                  | reading...
  4752 | D:5      | You add the spells Magic Dart, Searing Ray and Fulminant
                  | Prism to your library.
  4761 | D:5      | XOM: silly message
  4886 | D:5      | XOM: blink monster(s)
  5011 | D:4      | Noticed Natasha
  5015 | D:4      | Killed Natasha
  5016 | D:4      | Gained mutation: Your touch may inflict irresistible damage
                  | on your foes. [demonic ancestry]
  5016 | D:4      | Reached XP level 7. HP: 31/46 MP: 4/12
  5236 | D:5      | XOM: 1-stop teleportation journey
  5254 | D:5      | XOM: noise
  5330 | D:5      | Reached skill level 5 in Conjurations
  5330 | D:5      | Reached skill level 6 in Earth Magic
  5704 | D:5      | Reached XP level 8. HP: 52/52 MP: 7/13
  6212 | D:2      | XOM: silly message
  6313 | D:6      | Reached skill level 7 in Earth Magic
  6383 | D:6      | Reached skill level 6 in Conjurations
  6409 | D:6      | XOM: silly message
  6504 | D:6      | XOM: noise
  6510 | D:6      | Learned a level 4 spell: Petrify
  6521 | D:6      | XOM: 2-stop teleportation journey
  6998 | D:6      | You pick up a book of Transfigurations {@e2} and begin
                  | reading...
  6998 | D:6      | You add the spells Irradiate, Blade Hands and Dragon Form
                  | to your library.
  7135 | D:7      | Reached skill level 8 in Earth Magic
  7156 | D:7      | You add the spells Conjure Flame, Ignite Poison and Sticky
                  | Flame to your library.
  7216 | D:7      | XOM: silly message
  7399 | D:7      | XOM: cast spell 'Olgreb's Toxic Radiance'
  7505 | D:7      | Identified the +4 ring mail of the Lemon {Int+3}
  7556 | D:7      | Reached skill level 7 in Conjurations
  7556 | D:7      | Gained mutation: You have a pair of small horns on your
                  | head. [demonic ancestry]
  7556 | D:7      | Reached XP level 9. HP: 57/57 MP: 5/14
  7641 | D:7      | XOM: silly message
  7803 | D:8      | Reached skill level 1 in Fighting
  7836 | D:8      | Reached skill level 2 in Fighting
  7839 | D:8      | Reached skill level 3 in Fighting
  7905 | D:8      | You add the spells Sting, Poisonous Vapours and Olgreb's
                  | Toxic Radiance to your library.
  7974 | D:8      | Reached skill level 4 in Fighting
  8102 | D:8      | Reached skill level 5 in Fighting
  8268 | D:8      | Reached skill level 6 in Fighting
  8366 | D:8      | Found a staircase to the Lair.
  8370 | D:8      | Reached skill level 7 in Fighting
  8385 | Lair:1   | Entered Level 1 of the Lair of Beasts
  8410 | Lair:1   | XOM: repel stairs
  8417 | Lair:1   | Reached skill level 8 in Fighting
  8419 | Lair:1   | HP: 15/74 [yak (10)]
  8424 | Lair:1   | HP: 6/74 [yak (11)]
  8431 | Lair:1   | HP: 5/74 [bullfrog (2)]
  8432 | Lair:1   | Mangled by a blink frog

Vanquished Creatures
  Eustachio (D:4)
  A wyvern (D:8)
  3 yaks
  An acid dragon (D:8)
  A water moccasin (D:8)
  2 orc warriors (D:8)
  An ice beast (D:5)
  4 black bears
  3 ogres
  A centaur (D:8)
  A phantom (D:5)
  7 bullfrogs
  2 scorpions
  2 necrophages
  2 gnoll sergeants
  3 hounds
  2 gnoll shamans
  4 orc priests
  Ijyb (D:3)
  3 iguanas
  Natasha (thrice) (D:4)
  2 orc wizards (D:7)
  Robin (D:3)
  21 gnolls
  6 adders
  A shadow imp (D:8)
  A white imp (D:5)
  2 ufetubi (D:5)
  A worm (D:2)
  3 dart slugs
  13 orcs
  7 bats
  6 endoplasms
  8 giant cockroaches
  16 goblins
  4 hobgoblins
  2 jackals (D:1)
  4 kobolds
  5 quokkas
  8 ball pythons
  2 frilled lizards
  10 rats
171 creatures vanquished.

Vanquished Creatures (others)
  3 fungi (D:8)
  2 plants (D:8)
5 creatures vanquished.

Grand Total: 176 creatures vanquished

Table legend:
 A = Non-vault XP
 B = Vault XP
 C = Vault XP percentage of total XP
 D = Non-vault monster count
 E = Vault monster count
 F = Vault count percentage of total count
                 A         B        C        D         E       F
            +---------+---------+-------+---------+---------+-------
      Total |    4318 |     994 |  18.7 |     148 |      23 |  13.5
            +---------+---------+-------+---------+---------+-------
        D:1 |      44 |       5 |  10.2 |      23 |       5 |  17.9
        D:2 |      63 |       0 |   0.0 |      23 |       0 |   0.0
        D:3 |      82 |      65 |  44.2 |      16 |       8 |  33.3
        D:4 |     124 |     292 |  70.2 |      12 |       4 |  25.0
        D:5 |     810 |       0 |   0.0 |      18 |       0 |   0.0
        D:6 |     739 |       0 |   0.0 |      18 |       0 |   0.0
        D:7 |     633 |       0 |   0.0 |      18 |       0 |   0.0
        D:8 |    1415 |     632 |  30.9 |      18 |       6 |  25.0
     Lair:1 |     408 |       0 |   0.0 |       2 |       0 |   0.0
            +---------+---------+-------+---------+---------+-------

Illustrated notes

Table legend:
 A = Kills in this place as a percentage of kills in entire the game.
 B = Kills by you in this place as a percentage of kills by you in the entire game.
 C = Kills by friends in this place as a percentage of kills by friends in the entire game.
 D = Other kills in this place as a percentage of other kills in the entire game.
 E = Experience gained in this place as a percentage of experience gained in the entire game.
 F = Experience gained in this place divided by the number of levels of this place that you have seen.
                   A       B       C       D       E      F
               +-------+-------+-------+-------+-------+----------------------
         Total | 100.0 | 100.0 |   N/A |   N/A | 100.0 | 590.2
       Dungeon |  98.8 |  98.8 |   N/A |   N/A |  92.3 | 613.0
          Lair |   1.2 |   1.2 |   N/A |   N/A |   7.7 | 408.0
               +-------+-------+-------+-------+-------+----------------------

Table legend: (Time is in decaauts)
 A = Elapsed time spent in this place.
 B = Non-inter-level travel time spent in this place.
 C = Inter-level travel time spent in this place.
 D = Time resting spent in this place.
 E = Time spent auto-exploring this place.
 F = Levels seen in this place.
 G = Mean time per level.
                   A        B        C        D        E       F      G
               +--------+--------+--------+--------+--------+-----+--------+
         Total |   8451 |   8025 |    426 |   1010 |   5981 |   9 |  939.0 |
       Dungeon |   8422 |   7996 |    426 |   1010 |   5981 |   8 | 1052.8 |
          Lair |     29 |     29 |      0 |      0 |      0 |   1 |   29.0 |
               +--------+--------+--------+--------+--------+-----+--------+

Top non-repeatable levels by time:
     D:1: 1541 daAuts
     D:2: 1430 daAuts
     D:3: 1175 daAuts
     D:5: 1125 daAuts
     D:4: 1049 daAuts
     D:6: 805 daAuts
     D:7: 718 daAuts
     D:8: 575 daAuts
  Lair:1: 29 daAuts
